 Seeded DCSS version 0.30.0-19-g36f170ea60 (webtiles) character file.

Game seed: 11795929474085840187 (custom seed)

54 bmack86 the Chopper (level 3, -1/29 (31) HPs)
             Began as a Minotaur Fighter on May 31, 2023.
             Slain by an orc priest
             ... wielding a +0 falchion
              (6 damage)
             ... on level 2 of the Dungeon.
             The game lasted 00:01:40 (676 turns).

bmack86 the Chopper (Minotaur Fighter)               Turns: 676, Time: 00:01:40

HP:   -1/29 (31)    AC:  6    Str: 22    XL:     3   Next: 66%
MP:   2/2           EV:  9    Int:  5    God:
Gold: 34            SH:  4    Dex:  9    Spells: 2/2 levels left

rFire   . . .        a - +0 war axe
rCold   . . .        c - +0 buckler
rNeg    . . .        b - +0 scale mail
rPois   .            (helmet restricted)
rElec   .            (no cloak)
rCorr   +            (no gloves)
SInv    .            (no boots)
Will    .....        (no amulet) Stlth
                     g - ring of resist corrosion
HPRegen 0.24/turn    (no ring)
MPRegen 0.08/turn

%: no passive effects
@: mighty, lethally poisoned (-1 -> -7), drained
A: horns 2, retaliatory headbutt
a: no special abilities


You were on level 2 of the Dungeon.
You visited 1 branch of the dungeon, and saw 2 of its levels.

You collected 34 gold pieces.

Inventory:

Hand Weapons
 a - a +0 war axe (weapon)
Missiles
 k - 2 poisoned darts (quivered)
Armour
 b - a +0 scale mail (worn)
 c - a +0 buckler (worn)
Jewellery
 g - a ring of resist corrosion (left hand)
Scrolls
 e - a scroll of identify {unknown}
 f - 3 scrolls of poison {unknown}
 l - 2 scrolls of enchant armour {unknown}
Potions
 h - a potion of magic {unknown}
 i - a potion of lignification {unknown}
 j - a potion of brilliance {unknown}
 m - a potion of invisibility {unknown}


   Skills:
 - Level 3.6 Fighting
 + Level 5.0 Axes
 - Level 3.6 Armour
 - Level 3.6 Shields


You had 2 spell levels left.
You didn't know any spells.
Your spell library was empty.

Dungeon Overview and Level Annotations

Branches:
Dungeon (2/15)

Altars:
Trog


Innate Abilities, Weirdness & Mutations

You have a pair of horns on your head.
You reflexively headbutt those who attack you in melee.


Message History

Found a scroll labelled UCEKKYWYRA.
The endoplasm quivers.
The orc priest shouts!
A goblin comes into view. It is wielding a +0 club.
The kobold hits you with a +1 dagger of venom.
You are poisoned.
You feel very sick.
The goblin shouts!
You block the kobold's attack. The orc hits you but does no damage.
You feel drained.
The orc priest begins to cast a cantrip, but forgets the words!
You closely miss the kobold. You hit the orc.
You feel very sick. The kobold hits you but does no damage.
You are more poisoned.
You closely miss the kobold. You barely miss the orc. You hit the orc.
You feel very sick.
The orc hits you with a +1 whip of draining.
You feel drained. The orc barely misses you. The kobold closely misses you.
You furiously retaliate!
You headbutt the kobold!
You kill the kobold!
Unknown command.
You slash the orc!
You kill the orc!
You slash the orc!
You kill the orc!
You barely miss the endoplasm.
You feel very sick. You block the endoplasm's attack.
The endoplasm freezes you.
You are frozen.
* * * LOW HITPOINT WARNING * * *
The endoplasm barely misses you. The orc priest barely misses you.
Your Axes skill increases to level 5!
You feel very mighty all of a sudden.
* * * LOW HITPOINT WARNING * * *
You feel sick.
The endoplasm hits you but does no damage.
The orc priest hits you with a +0 falchion.
You die...

#.#.##.# ####.....
#......# #.?.###
##.##### #...# #.#
#...# #.# #...###
####.## #).....
#.....# #######...#
#.##..###.........#
...............)@.#
#.#....##......oJJ#
#.##...########.g.#
#.....## #......
####.## #...### ##
#.# #...# .# #.#
#...# .# #.# #...#
.# #.#


You could see an orc priest, 2 endoplasms and a goblin.

Vanquished Creatures
  An adder (D:2)
  A worm (D:2)
  A dart slug (D:1)
  2 orcs (D:2)
  2 bats (D:1)
  6 endoplasms
  A giant cockroach (D:1)
  3 goblins
  2 hobgoblins (D:1)
  7 kobolds
  2 ball pythons (D:1)
  3 frilled lizards
  3 rats
34 creatures vanquished.

Notes
Turn   | Place    | Note
-------+----------+-------------------------------------------
     0 | D:1      | bmack86 the Minotaur Fighter began the quest for the Orb.
     0 | D:1      | Reached XP level 1. HP: 19/19 MP: 0/0
    64 | D:1      | Reached skill level 3 in Axes
   175 | D:1      | Reached XP level 2. HP: 26/26 MP: 1/1
   363 | D:1      | Reached skill level 4 in Axes
   483 | D:1      | Reached XP level 3. HP: 31/31 MP: 2/2
   613 | D:2      | Found a bloodstained altar of Trog.
   676 | D:2      | Reached skill level 5 in Axes
   676 | D:2      | Slain by an orc priest

Illustrated notes

Levels and vault maps discovered:
D:1:      amcnicky_arrival_blooded_trapdoor, layout_rooms, minmay_pentomino_z2
D:2:      layout_loops_cross, basic_altar, minivault_4

Skill      XL: |  1  2  3 |
---------------+----------+-----
Axes           | 3 4 5 |  5.0
Fighting       | |  3.6
Armour         | |  3.6
Shields        | |  3.6

Action                     || total
---------------------------++-------
  Melee: War axe           ||    60
         Headbutt          ||     6
    Use: Potion            ||     1
 Armour: Scale mail        ||    32
  Dodge: Dodged            ||    42
  Block: Buckler           ||    12
